 Seeded DCSS version 0.30.1-4-g462c640d31 (webtiles) character file.

Game seed: 6351066067085065685 (custom seed)

191 Esekla the Grave Robber (level 5, -6/28 HPs)
             Began as a Deep Elf Necromancer on Aug 17, 2023.
             Was a Follower of Vehumet.
             Mangled by an iguana (12 damage)
             ... on level 4 of the Dungeon.
             The game lasted 00:14:23 (2410 turns).

Esekla the Grave Robber (Deep Elf Necromancer)      Turns: 2410, Time: 00:14:23

Health: -6/28      AC:  4    Str:  4      XL:     5   Next: 41%
Magic:  2/13       EV: 14    Int: 18 (21) God:    Vehumet [*.....]
Gold:   150        SH:  0    Dex: 22      Spells: 4/12 levels left

rFire   . . .        a - +5 rapier of the Hero {heavy, rN+ Dex+3}
rCold   . . .        (no shield)
rNeg    + . .        j - +1 robe
rPois   .            g - +0 helmet
rElec   .            (no cloak)
rCorr   .            (no gloves)
SInv    .            (no boots)
Will    .....        (no amulet)
Stlth   +++          (no ring)
HPRegen 0.24/turn    (no ring)
MPRegen 0.13/turn

%: no passive effects
@: marked
A: agile 1, deterioration 1
a: Renounce Religion


You were on level 4 of the Dungeon.
You worshipped Vehumet.
Vehumet was aware of your devotion.
You visited 1 branch of the dungeon, and saw 5 of its levels.

You collected 150 gold pieces.

Inventory:

Hand Weapons
 a - the +5 rapier of the Hero (weapon) {heavy, rN+ Dex+3}
   (You found it on level 3 of the Dungeon)

   Dex:       It affects your dexterity (+3).
   rN:        It protects you from negative energy.
 r - a +0 spear
Armour
 g - a +0 helmet (worn)
 j - a +1 robe (worn)
Wands
 d - a wand of roots (9)
 o - a wand of flame (15)
Scrolls
 c - a scroll of immolation {unknown}
 f - a scroll of blinking {unknown}
 i - a scroll of fog {unknown}
 m - a scroll of amnesia {unknown}
 n - 2 scrolls of enchant weapon {unknown}
Potions
 b - a potion of magic
 e - a potion of haste
 h - 2 potions of brilliance {unknown}
 k - a potion of heal wounds
 l - a potion of attraction {unknown}


   Skills:
 + Level 1.9 Short Blades
 * Level 3.7 Dodging
 + Level 3.1 Stealth
 * Level 4.1 Spellcasting
 * Level 6.0 Necromancy
 * Level 1.1 Translocations


You had 4 spell levels left.
You knew the following spells:

 Your Spells              Type           Power      Damage    Failure   Level
a - Necrotise             Necr           100%       1d9       1%          1
b - Kiss of Death         Conj/Necr      56%        2d9       4%          1
d - Vampiric Draining     Necr           25%        2d7       3%          3
t - Teleport Other        Tloc           7%         N/A       28%         3

Your spell library contained the following spells:

 Spells                   Type           Power      Damage    Failure   Level
 Animate Dead             Necr           25%        N/A       12%         4
 Lesser Beckoning         Tloc           14%        N/A       14%         2
 Gell's Gravitas          Tloc           7%         N/A       28%         3
 Agony                    Necr           25%        N/A       32%         5


Dungeon Overview and Level Annotations

Branches:
Dungeon (5/15)
 Temple: D:4-7

Altars:
Hepliaklqana
Okawaru
Qazlal
Trog
Vehumet
Zin
The Shining One

Shops:
D:2 =   D:4 (


Innate Abilities, Weirdness & Mutations

You are agile. (Dex +4, Str/Int -1)
Your body sometimes deteriorates upon taking damage.


Message History

Casting: Vampiric Draining (dangerous; 3% risk of failure)
Confirm with . or Enter, or press ? or * to list all spells.
Aiming: Vampiric Draining (dangerous; 3% risk of failure)
Press: ? - help, Shift-Dir - straight line, f - orc
Aim: an orc, wielding a +0 flail You draw life force from the orc!
You kill the orc!
Vehumet accepts your kill.
You feel life coursing into your body. The iguana bites you.
* * * LOW HITPOINT WARNING * * *
Casting: Vampiric Draining (dangerous; 3% risk of failure)
Confirm with . or Enter, or press ? or * to list all spells.
Aiming: Vampiric Draining (dangerous; 3% risk of failure)
Press: ? - help, Shift-Dir - straight line, f - iguana
Aim: an iguana You draw life force from the iguana.
You feel life coursing into your body. The iguana bites you.
Casting: Vampiric Draining (dangerous; 3% risk of failure)
Confirm with . or Enter, or press ? or * to list all spells.
Aiming: Vampiric Draining (dangerous; 3% risk of failure)
Press: ? - help, Shift-Dir - straight line, f/p - iguana
Aim: an iguana (moderately wounded)
You draw life force from the iguana.
You feel life coursing into your body. The iguana bites you!
* * * LOW HITPOINT WARNING * * *
Your body deteriorates!
You feel dopey.
Casting: Vampiric Draining (dangerous; 3% risk of failure)
Confirm with . or Enter, or press ? or * to list all spells.
Aiming: Vampiric Draining (dangerous; 3% risk of failure)
Press: ? - help, Shift-Dir - straight line, f/p - iguana
Aim: an iguana (heavily wounded)
You draw life force from the iguana.
You feel life coursing into your body. The iguana closely misses you.
You hit the iguana but do no damage.
The iguana is severely wounded.
The iguana closely misses you. The iguana barely misses you.
You closely miss the iguana.
The iguana is severely wounded.
The iguana bites you!
You die...

.......#..........# #)#
.##....#.#'###########.#
.##....#.#.#....g.....(#
.........g.#.###########
.........#....##
...............####
..................#
..................######.
...............l@(.......
##'#####.........).......
##.....+..........######.
########....####.......#
#....# #.#####.# #....#
#.#####.# ##########
#.......# #...# ######..#
###.#.##############..#
###


You could see an iguana and a gnoll.

Vanquished Creatures
  A gnoll bouda (D:4)
  A hound (D:3)
  5 gnolls
  3 adders
  2 dart slugs
  4 orcs
  6 ball pythons
  4 endoplasms
  6 goblins
  4 hobgoblins
  A quokka (D:1)
  4 bats
  4 frilled lizards
  4 kobolds
  A rat (D:2)
50 creatures vanquished.

Notes
Turn   | Place    | Note
-------+----------+-------------------------------------------
     0 | D:1      | Esekla the Deep Elf Necromancer began the quest for the
                  | Orb.
     0 | D:1      | Reached XP level 1. HP: 10/10 MP: 6/6
   151 | D:1      | Reached skill level 5 in Necromancy
   185 | D:2      | Noticed a black bear
   328 | D:4      | Found a glowing silver altar of Zin.
   339 | D:4      | Found an iron altar of Okawaru.
   350 | D:4      | Found a radiant altar of Vehumet.
   361 | D:4      | Found a glowing golden altar of the Shining One.
   373 | D:4      | Became a worshipper of Vehumet
   533 | D:3      | Found a stormy altar of Qazlal.
   533 | D:3      | Noticed a hound
   555 | D:3      | Gained mutation: Your body sometimes deteriorates upon
                  | taking damage. [potion of mutation]
   555 | D:3      | Gained mutation: You are agile. (Dex +4, Str/Int -1)
                  | [potion of mutation]
   562 | D:3      | Reached XP level 2. HP: 5/15 MP: 8/8
   684 | D:2      | Reached XP level 3. HP: 3/19 MP: 9/9
   690 | D:2      | Learned a level 3 spell: Vampiric Draining
   925 | D:2      | Found Renulab's Jewellery Shop.
  1373 | D:1      | Reached skill level 1 in Short Blades
  1528 | D:2      | Reached XP level 4. HP: 20/24 MP: 3/11
  1547 | D:3      | Identified the +5 rapier of the Hero {heavy, rN+ Dex+3}
  1748 | D:3      | Reached * piety under Vehumet
  1748 | D:3      | Offered knowledge of Kiss of Death by Vehumet.
  1759 | D:3      | Learned a level 1 spell: Kiss of Death
  1763 | D:3      | Learned a level 3 spell: Teleport Other
  2010 | D:3      | Found a bloodstained altar of Trog.
  2012 | D:3      | Found a hazy altar of Hepliaklqana.
  2160 | D:4      | Found Ponaysk's Antique Weapon Boutique.
  2251 | D:4      | Reached XP level 5. HP: 23/28 MP: 2/12
  2254 | D:4      | Reached skill level 6 in Necromancy
  2254 | D:4      | Reached skill level 1 in Translocations
  2297 | D:5      | Entered Level 5 of the Dungeon
  2410 | D:4      | Mangled by an iguana

Illustrated notes

Levels and vault maps discovered:
D:1:      sevenhm_arrival_forest_fort_small_3, layout_rooms,
          chequers_serial_rivers_room_b, minmay_misc_feat_five
D:2:      layout_loops_ring, dreamdust_ecumenical_altar_angels_and_demons,
          serial_shops, shop
D:3:      layout_basic, grunt_temple_overflow_open, minmay_misc_feat_iff
D:4:      layout_basic, nicolae_overflow_quartered_altars, serial_shops,
          nicolae_diamond_shop
D:5:      layout_loops_ring, lemuel_doored_altar, minmay_misc_feat_rows,
          dreamdust_wishing_well

Skill      XL: |  1  2  3  4  5 |
---------------+----------------+-----
Necromancy     | 5 6 |  6.0
Dodging        | 3 |  3.7
Short Blades   | 1 |  1.9
Stealth        | 3 |  3.1
Spellcasting   | 4 |  4.1
Translocations | 1 |  1.1

Action                     |  1- 3 |  4- 6 || total
---------------------------+-------+-------++-------
  Melee: Short sword       |   112 |       ||   112
         Unarmed           |     9 |       ||     9
         Punch             |     1 |       ||     1
         Rapier            |       |    26 ||    26
   Cast: Vampiric Draining |     5 |    10 ||    15
    Use: Potion            |     2 |       ||     2
         Scroll            |     5 |       ||     5
   Stab: Sleeping          |     4 |     2 ||     6
         Distracted        |     1 |       ||     1
 Armour: Robe              |    24 |     8 ||    32
  Dodge: Dodged            |    71 |    32 ||   103
